 Dungeon Crawl Stone Soup version 0.28.0-62-gf88900778d (webtiles) character file.

Game seed: 16376405271105450225

672 cbfl8 the Chopper (level 7, 0/62 HPs)
             Began as a Minotaur Monk on Sept 12, 2023.
             Slain by an orc
             ... wielding a +0 hand axe
              (1 damage)
             ... on level 4 of the Dungeon.
             The game lasted 00:03:24 (4778 turns).

cbfl8 the Chopper (Minotaur Monk)                   Turns: 4778, Time: 00:03:25

Health: 0/62       AC:  5    Str: 15    XL:     7   Next: 32%
Magic:  6/6        EV: 12    Int:  7    God:
Gold:   160        SH:  0    Dex: 15    Spells: 6/6 levels left

rFire   + . .      SeeInvis .   l - +0 war axe
rCold   + . .      Faith    .   (no shield)
rNeg    . . .      Spirit   .   f - +0 ring mail
rPois   +          Reflect  .   (helmet restricted)
rElec   +          Harm     .   (no cloak)
rCorr   +          Rampage  .   (no gloves)
Will    .....                   (no boots)
Stlth   +.........              (no amulet)
HPRegen 0.20/turn               (no ring)
MPRegen 0.10/turn               (no ring)

@: mighty, resistant
A: horns 2, retaliatory headbutt
a: no special abilities


You were on level 4 of the Dungeon.
You visited 1 branch of the dungeon, and saw 4 of its levels.

You collected 160 gold pieces.

Inventory:

Hand Weapons
 l - a +0 war axe (weapon)
Missiles
 a - a throwing net (quivered)
Armour
 f - a +0 ring mail (worn)
Wands
 h - a wand of polymorph (6)
Scrolls
 d - a scroll of enchant weapon
 i - a scroll of magic mapping {unknown}
 j - 3 scrolls of identify {unknown}
Potions
 b - a potion of curing
 c - a potion of lignification {unknown}
 e - a potion of resistance
 g - a potion of might
 k - a potion of heal wounds {unknown}


   Skills:
 + Level 5.7 Fighting
 + Level 6.8 Axes
 + Level 4.1 Armour
 - Level 3.2 Dodging
 - Level 1.5 Stealth
 * Level 3.1 Evocations


You had 6 spell levels left.
You didn't know any spells.
Your spell library contained the following spells:

 Spells                   Type           Power      Damage    Failure   Level
 Dazzling Flash           Conj/Hex       0%         N/A       95%         3
 Hailstorm                Conj/Ice       0%         3d3       100%        4
 Ice Form                 Ice/Tmut       0%         N/A       100%        4
 Agony                    Necr           0%         N/A       100%        5
 Silence                  Hex/Air        0%         N/A       100%        5
 Simulacrum               Ice/Necr       0%         N/A       100%        6


Dungeon Overview and Level Annotations

Branches:
Dungeon (4/15)
 Temple: D:4-7

Altars:
Kikubaaqudgha
Nemelex Xobeh


Innate Abilities, Weirdness & Mutations

You have a pair of horns on your head.
You reflexively headbutt those who attack you in melee.


Message History

Beogh smites you!
You barely miss the orc priest. You hit the orc but do no damage.
The orc priest mumbles some strange prayers to Beogh against you.
Beogh smites you! The orc hits you with a +0 hand axe.
You are too injured to fight recklessly!
You are too injured to fight recklessly!
You are too injured to fight recklessly!
You are too injured to fight recklessly!
You are too injured to fight recklessly!
You are too injured to fight recklessly!
You are too injured to fight recklessly!
You are too injured to fight recklessly!
You are too injured to fight recklessly!
You are too injured to fight recklessly!
You are too injured to fight recklessly!
You hit the orc priest.
The orc priest is lightly wounded.
You hit the orc.
The orc priest calls down the wrath of Beogh upon you.
Beogh smites you!
* * * LOW HITPOINT WARNING * * *
The orc hits you but does no damage.
You hit the orc priest. Your headbutt misses the orc priest.
The orc priest is moderately wounded.
You hit the orc but do no damage. The orc priest closely misses you.
The orc hits you with a +0 hand axe.
* * * LOW HITPOINT WARNING * * *
Unknown command.
It was a potion of resistance.
You feel protected.
The orc priest hits you with a +0 flail.
* * * LOW HITPOINT WARNING * * *
The orc closely misses you. You furiously retaliate!
You headbutt the orc.
Unknown command.
It was a potion of might.
You feel very mighty all of a sudden.
The orc priest hits you with a +0 flail.
* * * LOW HITPOINT WARNING * * *
The orc hits you with a +0 hand axe.
You die...

######
#....##
#.#...#
#.#...#
#.#...##
#.##..@#
#.##.oo#
#.###...
#.#
#...#
#.#
##...
#.#
##...
#.# #...
#.# #..
#.#


You could see an orc priest and an orc.

Vanquished Creatures
  Grinder (D:3)
  A scorpion (D:2)
  A vampire bat (D:4)
  An orc priest (D:3)
  An iguana (D:4)
  2 orc wizards (D:3)
  5 adders
  4 gnolls
  An adder skeleton (D:4)
  3 worms
  3 dart slugs
  3 fire bats (D:4)
  8 orcs
  2 spectral bats (D:4)
  4 ball pythons
  3 bat skeletons (D:4)
  A bat zombie (D:4)
  8 endoplasms
  6 hobgoblins
  4 jackals (D:3)
  3 quokkas
  16 bats
  A bat simulacrum (D:4)
  A frilled lizard (D:1)
  7 goblins
  9 kobolds
  5 rats
104 creatures vanquished.

Notes
Turn   | Place    | Note
-------+----------+-------------------------------------------
     0 | D:1      | cbfl8 the Minotaur Monk began the quest for the Orb.
     0 | D:1      | Reached XP level 1. HP: 19/19 MP: 0/0
   475 | D:1      | Reached XP level 2. HP: 23/27 MP: 1/1
   587 | D:1      | Reached skill level 4 in Axes
   961 | D:1      | Found a faded altar of an unknown god.
  1004 | D:2      | Reached XP level 3. HP: 30/33 MP: 2/2
  1156 | D:2      | Reached skill level 1 in Evocations
  1431 | D:2      | Noticed a scorpion
  1436 | D:2      | Killed a scorpion
  1437 | D:2      | Reached skill level 5 in Axes
  1437 | D:2      | Reached skill level 1 in Armour
  1437 | D:2      | Reached XP level 4. HP: 41/41 MP: 3/3
  1936 | D:2      | Found an ancient bone altar of Kikubaaqudgha.
  2126 | D:2      | Reached XP level 5. HP: 34/47 MP: 4/4
  2365 | D:3      | Noticed Grinder
  2628 | D:3      | Paralysed by Grinder for 7 turns
  2638 | D:3      | Paralysed by Grinder for 2 turns
  2642 | D:3      | Killed Grinder
  2643 | D:3      | Reached skill level 5 in Fighting
  2643 | D:3      | Reached skill level 6 in Axes
  2643 | D:3      | Reached XP level 6. HP: 23/56 MP: 5/5
  3406 | D:3      | Found a sparkling altar of Nemelex Xobeh.
  4002 | D:3      | Reached XP level 7. HP: 19/61 MP: 6/6
  4778 | D:4      | HP: 1/62 [orc priest/+0 flail (3)]
  4778 | D:4      | Slain by an orc

Illustrated notes

Levels and vault maps discovered:
D:1:      saegor_arrival_simple_c, layout_loops_cross,
          dreamdust_ecumenical_altar_statues, grunt_decor_cap
D:2:      layout_basic, basic_altar, minivault_25, grunt_ministairs_9,
          kennysheep_generic_room_13
D:3:      layout_basic, kennysheep_flooded_box, uniq_grinder
D:4:      layout_rooms, serial_curves, eino_curves_01, eino_curves_03,
          goddamned_bats

Skill      XL: |  1  2  3  4  5  6  7 |
---------------+----------------------+-----
Fighting       | 4 5 |  5.7
Axes           | 4 5 6 |  6.8
Evocations     | 1 2 3 |  3.1
Armour         | 1 2 3 4 |  4.1
Dodging        | |  3.2
Stealth        | |  1.5

Action                   |  1- 3 |  4- 6 |  7- 9 || total
-------------------------+-------+-------+-------++-------
Melee: Hand axe          |    64 |    93 |       ||   157
       Headbutt          |    10 |    22 |     9 ||    41
       Punch             |     2 |       |       ||     2
       War axe           |       |     7 |    59 ||    66
  Use: Scroll            |     2 |     4 |       ||     6
       Potion            |       |     1 |     2 ||     3
 Stab: Sleeping          |     2 |       |       ||     2
Armor: Robe              |     2 |       |       ||     2
       Ring mail         |     5 |    46 |    41 ||    92
Dodge: Dodged            |    32 |   110 |    70 ||   212
